 Dungeon Crawl Stone Soup version 0.29-a0-422-gafbd6decc1 (webtiles) character file.

Game seed: 5973750740133597993

10083 jlumianski the Cleaver (level 11, -18/83 HPs)
             Began as a Demonspawn Fighter on May 18, 2022.
             Was a Priest of Qazlal.
             Demolished by a two-headed ogre
             ... wielding a +0 giant club
              (19 damage)
             ... on level 11 of the Dungeon.
             The game lasted 00:46:55 (11440 turns).

jlumianski the Cleaver (Demonspawn Fighter)        Turns: 11440, Time: 00:46:55

Health: -18/83     AC: 21    Str: 21    XL:     11   Next: 31%
Magic:  16/16      EV: 12    Int: 15    God:    Qazlal [***...]
Gold:   590        SH: 10    Dex: 15    Spells: 10/10 levels left

rFire   + + .      SeeInvis .   g - +3 hand axe (elec)
rCold   . . .      Faith    .   S - +0 buckler "Ebreonk" {rPois rF++ rN+}
rNeg    + . .      Spirit   .   V - +5 ring mail of Joy {Harm}
rPois   +          Reflect  .   (helmet restricted)
rElec   +          Harm     +   v - +2 cloak
rCorr   +          Rampage  .   (gloves unavailable)
Will    .....                   x - +1 pair of boots
Stlth   +.........              H - amulet of the acrobat
HPRegen 0.23/turn               m - +4 ring of protection
MPRegen 0.15/turn               c - ring of Interdependent Arising {rElec rPois rCorr Int+6 Dex+2}

@: no status effects
A: antennae 2, demonic magic 1, demonic touch 3
a: Renounce Religion, Upheaval, Elemental Force


You were on level 11 of the Dungeon.
You worshipped Qazlal.
Qazlal was most pleased with you.
You visited 2 branches of the dungeon, and saw 12 of its levels.

You collected 590 gold pieces.

Inventory:

Hand Weapons
 g - a +3 hand axe of electrocution (weapon)
 M - a +1 whip of freezing
 Q - a +0 scimitar of flaming
Missiles
 h - 65 poisoned darts
 r - 7 boomerangs (quivered)
 X - 2 curare-tipped darts
Armour
 b - the +4 robe of Uxzit {Rampage +Inv rC++ Int-2}
   (You found it on level 11 of the Dungeon)

   Int:       It affects your intelligence (-2).
   rC:        It greatly protects you from cold.
   +Inv:      It lets you turn invisible.
   Rampage:   It bestows one free step when moving towards enemies.
 v - a +2 cloak (worn)
 x - a +1 pair of boots (worn)
 S - the +0 buckler "Ebreonk" (worn) {rPois rF++ rN+}
   (You found it on level 10 of the Dungeon)

   rF:        It greatly protects you from fire.
   rPois:     It protects you from poison.
   rN:        It protects you from negative energy.
 V - the +5 ring mail of Joy (worn) {Harm}
   (You found it on level 11 of the Dungeon)

   Harm:      It increases damage dealt and taken.
Jewellery
 c - the ring of Interdependent Arising (right hand) {rElec rPois rCorr Int+6 Dex+2}
   (You acquired it on level 11 of the Dungeon)

   [ring of intelligence]

   Int:       It affects your intelligence (+6).
   Dex:       It affects your dexterity (+2).
   rElec:     It insulates you from electricity.
   rPois:     It protects you from poison.
   rCorr:     It protects you from acid and corrosion.
 m - a +4 ring of protection (left hand)
 n - a ring of protection from fire
 H - an amulet of the acrobat (around neck)
Wands
 a - a wand of iceblast (7)
 k - a wand of acid (1)
 w - a wand of flame (32)
 z - a wand of paralysis (12)
Scrolls
 D - 4 scrolls of teleportation
 F - a scroll of silence
 G - a scroll of blinking
 J - a scroll of enchant armour
 K - 2 scrolls of fog
 P - 3 scrolls of magic mapping
 R - 3 scrolls of identify
Potions
 j - 3 potions of attraction
 l - 5 potions of curing
 q - 4 potions of ambrosia
 t - a potion of lignification
 A - a potion of might
 B - a potion of flight
 O - 2 potions of cancellation
Miscellaneous
 Y - a phial of floods


   Skills:
 + Level 6.7 Fighting
 + Level 9.8 Axes
 + Level 1.8 Throwing
 + Level 7.5 Armour
 + Level 3.2 Dodging
 - Level 1.2 Stealth
 + Level 6.3 Shields
 * Level 6.7 Invocations
 * Level 5.1 Evocations


You had 10 spell levels left.
You didn't know any spells.
Your spell library contained the following spells:

 Spells                   Type           Power      Damage    Failure   Level
 Foxfire                  Conj/Fire      0%         2x1d4     47%         1
 Static Discharge         Conj/Air       0%         N/A       63%         2
 Conjure Flame            Conj/Fire      0%         6-21      85%         3
 Dazzling Flash           Conj/Hex       0%         N/A       85%         3
 Inner Flame              Hex/Fire       0%         N/A       85%         3
 Tukima's Dance           Hex            0%         N/A       85%         3
 Anguish                  Hex/Necr       0%         N/A       99%         4
 Flame Wave               Conj/Fire      0%         2d4       99%         4
 Fulminant Prism          Conj/Hex       0%         3d6       99%         4
 Hailstorm                Conj/Ice       0%         3d3       99%         4
 Ice Form                 Ice/Tmut       0%         N/A       99%         4
 Iskenderun's Mystic Bla  Conj/Tloc      0%         2d3       99%         4
 Irradiate                Conj/Tmut      0%         3d13      100%        5
 Iskenderun's Battlesphe  Conj           0%         2d6       100%        5
 Simulacrum               Ice/Necr       0%         N/A       100%        6
 Starburst                Conj/Fire      0%         6d3       100%        6
 Enfeeble                 Hex            0%         N/A       100%        7


Dungeon Overview and Level Annotations

Branches:
Dungeon (11/15)            Temple (1/1) D:4            Lair (0/6) D:10
    Orc: D:9-12

Altars:
Ashenzari
Cheibriados
Dithmenos
Makhleb
Okawaru
Qazlal
Ru
Trog
Uskayaw
Wu Jian
The Shining One

Shops:
D:4 =   D:6 (


Innate Abilities, Weirdness & Mutations

You have a pair of antennae on your head.
Spells you cast may paralyse adjacent enemies.
Your touch may irresistibly damage your foes and sap their willpower.


Message History

Things that are here:
a +0 shortbow; 13 gold pieces A boulder beetle comes into view.
You see here the +1 ring mail of Disguise {+Inv rF+ Regen+ Slay-5}.
You closely miss the two-headed ogre.
The boulder beetle leaps!
You block the two-headed ogre's attack.
The two-headed ogre hits you with a +0 giant club!
You slash the two-headed ogre!
The two-headed ogre is moderately wounded.
You hear a bellow!
A yak comes into view.
The two-headed ogre barely misses you.
The two-headed ogre hits you with a +0 giant club!!
You barely miss the two-headed ogre.
The two-headed ogre is moderately wounded.
You hit the manticore.
Lightning courses through the manticore!
The manticore bites you. The manticore closely misses you.
The manticore claws you but does no damage.
You slash the two-headed ogre!
The two-headed ogre is heavily wounded.
You slash the manticore!
The two-headed ogre hits you with a +0 giant club! x2
* * * LOW HITPOINT WARNING * * *
The manticore misses you. The manticore barely misses you.
The manticore claws you but does no damage.
Okay, then.
Okay, then.
The air fills with toxic fumes!
As you read the scroll of poison, it crumbles to dust.
The manticore bites you!
* * * LOW HITPOINT WARNING * * *
The manticore claws you but does no damage.
The manticore barely misses you.
You hit the two-headed ogre.
The two-headed ogre is heavily wounded.
You hit the manticore but do no damage. You hit the yak but do no damage.
The two-headed ogre barely misses you.
The two-headed ogre hits you with a +0 giant club!
You die...

#####.......########....#
#....#..##.....#....#
#..§.+§..'...))#....#
#..§§#§###...))'..###
#..§§§§§§##########
#..§§§§§§§§§§§§# {{
#..§§§§§§§§§§§#
#..§§§§§§§°H§§# {
#..§§§§§§○@O.§#
....§§######Y§§§§§§
...... §§§#§§§ ......
§§§# § ...... §§§# .....
§§§# ..!. §§§# §§§#


You could see a two-headed ogre, a manticore and a yak.

Vanquished Creatures
  Erica (D:9)
  2 two-headed ogres
  2 ugly things (D:9)
  A cyclops (D:11)
  A gargoyle (D:11)
  A kobold demonologist (D:9)
  A komodo dragon (D:10)
  Grinder (D:4)
  3 yaks (D:8)
  Eustachio (D:4)
  A wraith (D:11)
  A wyvern (D:10)
  3 steam dragons
  2 water moccasins
  4 orc warriors
  An ice beast (D:5)
  3 black bears
  5 centaurs
  3 ogres
  2 phantoms
  12 kobold brigands
  3 bullfrogs
  2 necrophages
  3 scorpions
  9 wights
  7 killer bees
  3 howler monkeys (D:10)
  3 hounds
  3 jellies
  7 orc priests
  6 iguanas
  7 orc wizards
  5 gnolls
  9 adders
  2 shadow imps
  3 white imps
  An ufetubus (D:5)
  4 worms
  5 dart slugs
  30 orcs
  4 ball pythons
  4 bats
  4 endoplasms
  5 giant cockroaches
  6 goblins
  6 hobgoblins
  A jackal (D:5)
  21 kobolds
  5 quokkas
  3 frilled lizards
  4 rats
226 creatures vanquished.

Vanquished Creatures (others)
  A white imp (D:7)
  7 fungi
  59 plants
67 creatures vanquished.

Grand Total: 293 creatures vanquished

Notes
Turn   | Place    | Note
-------+----------+-------------------------------------------
     0 | D:1      | jlumianski the Demonspawn Fighter began the quest for the
                  | Orb.
     0 | D:1      | Reached XP level 1. HP: 18/18 MP: 1/1
    50 | D:1      | Discovered your monstrous ancestry.
    50 | D:1      | Gained mutation: You have a pair of small antennae on your
                  | head. [demonic ancestry]
    50 | D:1      | Reached XP level 2. HP: 17/24 MP: 2/2
    52 | D:1      | Reached skill level 2 in Axes
   576 | D:1      | Reached XP level 3. HP: 29/29 MP: 3/3
  1642 | D:2      | Gained mutation: Spells you cast may paralyse adjacent
                  | enemies. [demonic ancestry]
  1642 | D:2      | Reached XP level 4. HP: 35/35 MP: 4/4
  1693 | D:2      | Identified a scroll of acquirement
  1693 | D:2      | Acquired a +4 ring of protection
  2053 | D:2      | Found a faded altar of an unknown god.
  2248 | D:3      | Noticed a scorpion
  2283 | D:3      | Killed a scorpion
  2284 | D:3      | Reached skill level 3 in Axes
  2284 | D:3      | Gained mutation: Your touch may inflict minor irresistible
                  | damage on your foes. [demonic ancestry]
  2284 | D:3      | Reached XP level 5. HP: 12/41 MP: 5/5
  3004 | D:4      | Noticed a centaur
  3103 | D:4      | Killed a centaur
  3104 | D:4      | Reached skill level 4 in Axes
  3104 | D:4      | Reached XP level 6. HP: 42/47 MP: 6/6
  3284 | D:4      | Reached skill level 1 in Dodging
  3291 | D:4      | Found Qoushruezeen's Jewellery Emporium.
  3457 | D:4      | You fall into a shaft and drop 2 floors!
  3470 | D:5      | Entered Level 5 of the Dungeon
  3470 | D:5      | Noticed a two-headed ogre
  3857 | D:4      | Noticed Grinder
  3880 | D:4      | HP: 1/48 [Grinder (6)]
  3883 | D:4      | Killed Grinder
  3884 | D:4      | Reached skill level 5 in Axes
  3884 | D:4      | Reached XP level 7. HP: 9/54 MP: 7/7
  4447 | D:4      | Found a staircase to the Ecumenical Temple.
  4457 | Temple   | Entered the Ecumenical Temple
  4469 | Temple   | Became a worshipper of Qazlal Stormbringer
  4620 | D:4      | Noticed Eustachio
  4653 | D:4      | Killed Eustachio
  4809 | D:5      | Gained mutation: You have a pair of antennae on your head.
                  | [demonic ancestry]
  4809 | D:5      | Reached XP level 8. HP: 59/61 MP: 8/8
  4827 | D:5      | Killed a two-headed ogre
  4828 | D:5      | Reached skill level 6 in Axes
  4828 | D:5      | Reached skill level 1 in Throwing
  4828 | D:5      | Reached skill level 5 in Armour
  4828 | D:5      | Reached skill level 1 in Stealth
  5051 | D:5      | Found a broken altar of Ashenzari.
  5125 | D:5      | Reached skill level 7 in Axes
  5228 | D:6      | Noticed a five-headed hydra
  5395 | D:5      | Gained mutation: Your touch may inflict irresistible damage
                  | on your foes. [demonic ancestry]
  5395 | D:5      | Reached XP level 9. HP: 60/67 MP: 9/9
  5417 | D:5      | Reached * piety under Qazlal
  5578 | D:5      | Reached skill level 5 in Fighting
  5744 | D:5      | Got the Guide on Confrontation
  5762 | D:6      | Reached skill level 1 in Invocations
  5903 | D:6      | Reached skill level 5 in Shields
  6048 | D:6      | Reached skill level 1 in Evocations
  6175 | D:6      | Reached skill level 8 in Axes
  6312 | D:6      | Found Sebena's Weapon Shoppe.
  6321 | D:6      | Reached ** piety under Qazlal
  6941 | D:7      | Found a bloodstained altar of Trog.
  7381 | D:7      | Reached XP level 10. HP: 56/72 MP: 12/12
  7466 | D:7      | Found a snail-covered altar of Cheibriados.
  7713 | D:8      | Found a hide-covered altar of Uskayaw.
  7739 | D:8      | Found an iron altar of Okawaru.
  7744 | D:8      | Noticed a two-headed ogre
  7762 | D:8      | Killed a two-headed ogre
  8346 | D:8      | Found a burning altar of Makhleb.
  8480 | D:8      | Reached skill level 9 in Axes
  8639 | D:10     | Entered Level 10 of the Dungeon
  8639 | D:10     | Noticed Erica
  8654 | D:9      | Killed Erica
  8655 | D:9      | Reached skill level 5 in Invocations
  8964 | D:10     | Identified the +0 buckler "Ebreonk" {rPois rF++ rN+}
  9483 | D:10     | Reached *** piety under Qazlal
  9511 | D:10     | Noticed a cyan ugly thing
  9512 | D:10     | Noticed a red ugly thing
  9535 | D:10     | Noticed an orange demon
  9969 | D:11     | Identified the +5 ring mail of Joy {Harm}
 10229 | D:9      | Killed a purple ugly thing
 10230 | D:9      | Gained mutation: Your touch may irresistibly damage your
                  | foes and sap their willpower. [demonic ancestry]
 10230 | D:9      | Reached XP level 11. HP: 80/83 MP: 15/15
 10261 | D:9      | Killed a purple ugly thing
 10536 | D:10     | Found a staircase to the Lair.
 10999 | D:11     | Reached skill level 5 in Evocations
 11250 | D:11     | Identified the +4 robe of Uxzit {Rampage +Inv rC++ Int-2}
 11305 | D:11     | Acquired the ring of Interdependent Arising {rElec rPois
                  | rCorr Int+6 Dex+2}
 11423 | D:11     | Identified the +1 ring mail of Disguise {+Inv rF+ Regen+
                  | Slay-5}
 11430 | D:11     | Noticed a two-headed ogre
 11434 | D:11     | Noticed a boulder beetle
 11439 | D:11     | HP: 1/83 [manticore (14)]
 11440 | D:11     | Demolished by a two-headed ogre

Illustrated notes

Levels and vault maps discovered:
D:1:      matt_arrival_diagonals, layout_basic, kennysheep_doodads
D:2:      layout_loops_cross, shapermc_ecumenical_altar_petra
D:3:      layout_rooms
D:4:      layout_basic, minmay_temple_entry_fiery, serial_shops, shop,
          uniq_eustachio, uniq_grinder
D:5:      minmay_bubble_buster, layout_rooms, mainiacjoe_overflow_chevrons,
          minmay_holes, minmay_starry_boxes
D:6:      layout_basic, serial_shops, nicolae_lakefront_shop
D:7:      layout_basic, kennysheep_little_box, mainiacjoe_overflow_24_doors,
          dreamdust_princess_corridor
D:8:      layout_loops_ring, lightli_temple_of_fire,
          mainiacjoe_overflow_catch_the_wave
D:9:      layout_basic
D:10:     layout_loops_corners, david_lair_shrubbed, special_room
          [special_room_kobold], uniq_erica
D:11:     layout_gridville, serial_rivers, chequers_serial_rivers_micro_c,
          chequers_serial_rivers_small_a, chequers_serial_rivers_marsh,
          chequers_serial_rivers_micro_c, chequers_serial_rivers_small_3,
          nzn_random_ring
Temple:   nicolae_temple_elliptical

Skill      XL: |  1  2  3  4  5  6  7  8  9 10 11 |
---------------+----------------------------------+-----
Axes           | 2 3 4 5 7 8 9 |  9.8
Shields        | 3 4 5 6 |  6.3
Armour         | 3 4 5 6 7 |  7.5
Dodging        | 1 2 3 |  3.2
Fighting       | 4 5 6 |  6.7
Throwing       | 1 |  1.8
Stealth        | 1 |  1.2
Invocations    | 3 6 |  6.7
Evocations     | 2 4 5 |  5.1

Action                   |  1- 3 |  4- 6 |  7- 9 | 10-12 || total
-------------------------+-------+-------+-------+-------++-------
Melee: War axe           |    67 |       |       |       ||    67
       Hand axe          |    19 |   187 |   343 |   287 ||   836
Throw: Boomerang         |       |     2 |    11 |       ||    13
Evoke: Wand              |       |       |       |     2 ||     2
  Use: Scroll            |       |    11 |    12 |     7 ||    30
       Potion            |       |     4 |       |       ||     4
Armor: Scale mail        |    36 |       |       |       ||    36
       Chain mail        |     6 |   129 |   215 |    48 ||   398
       Plate armour      |       |       |       |    30 ||    30
       Ring mail         |       |       |       |    32 ||    32
Dodge: Dodged            |    37 |    61 |   116 |   124 ||   338
Block: Buckler           |    24 |    31 |   100 |   124 ||   279

Table legend: (Time is in decaauts)
 A = Elapsed time spent in this place.
 B = Non-inter-level travel time spent in this place.
 C = Inter-level travel time spent in this place.
 D = Time resting spent in this place.
 E = Time spent auto-exploring this place.
 F = Levels seen in this place.
 G = Mean time per level.
                   A        B        C        D        E       F      G
               +--------+--------+--------+--------+--------+-----+--------+
         Total |  11493 |  11369 |    124 |   1513 |   5231 |  12 |  957.8 |
       Dungeon |  11470 |  11346 |    124 |   1513 |   5231 |  11 | 1042.7 |
        Temple |     22 |     22 |      0 |      0 |      0 |   1 |   22.0 |
               +--------+--------+--------+--------+--------+-----+--------+

Top non-repeatable levels by time:
    D:10: 1408 daAuts
     D:4: 1381 daAuts
     D:5: 1262 daAuts
     D:8: 1131 daAuts
     D:6: 1126 daAuts
     D:3: 1093 daAuts
     D:1: 1091 daAuts
     D:2: 951 daAuts
     D:7: 737 daAuts
     D:9: 699 daAuts
    D:11: 586 daAuts
  Temple: 22 daAuts
